 Dungeon Crawl Stone Soup version 0.30.0-29-ga12c61a403 (webtiles) character file.

Game seed: 15730977524658253957

144328 Graphine the Pandemonic (level 16, -2/136 HPs)
             Began as a Demonspawn Monk on June 24, 2023.
             Was a High Priest of Makhleb.
             Killed from afar by a hell hound (7 damage)
             ... with a blast of flame
             ... on level 2 of the Abyss.
             The game lasted 01:07:16 (18312 turns).

Graphine the Pandemonic (Demonspawn Monk)          Turns: 18312, Time: 01:07:18

Health: -2/136     AC: 13    Str:  9      XL:     16   Next: 84%
Magic:  30/30      EV: 20    Int: 17      God:    Makhleb [*****.]
Gold:   1920       SH: 18    Dex: 22 (23) Spells: 24/24 levels left

rFire   + . .        z - +5 rapier (speed)
rCold   . . .        C - +1 buckler {rF+}
rNeg    . . .        i - +2 leather armour of Gepot {rElec Will+ Regen+ Int+2}
rPois   .            I - +2 hat
rElec   +            y - +0 cloak
rCorr   .            p - +0 pair of gloves
SInv    .            l - +2 pair of boots
Will    ++...        P - amulet of reflection
Stlth   +            W - ring of flight
HPRegen 2.22/turn    s - +4 ring of slaying
MPRegen 0.22/turn

%: reflection
@: mighty, flying, glowing, studying Ice Magic
A: large bone plates 2, powered by death 2, powered by pain 2, demonic touch 2,
clever 1, deterioration 1, passive freeze, weak 1
a: Renounce Religion, Minor Destruction, Lesser Servant of Makhleb, Major
Destruction, Greater Servant of Makhleb


You were on level 2 of the Abyss.
You worshipped Makhleb.
Makhleb was extremely pleased with you.
You visited 4 branches of the dungeon, and saw 18 of its levels.
You visited the Abyss 1 time.
You also visited: Ice Cave and Volcano.

You collected 1920 gold pieces.

Inventory:

Hand Weapons
 a - a +4 rapier of electrocution
 q - a +4 dagger of speed
 z - a +5 rapier of speed (weapon)
Missiles
 r - 2 throwing nets
Armour
 i - the +2 leather armour of Gepot (worn) {rElec Will+ Regen+ Int+2}
   (You found it on level 3 of the Dungeon)

   Int:       It affects your intelligence (+2).
   rElec:     It insulates you from electricity.
   Regen:     It increases your rate of health regeneration.
   Will:      It increases your willpower.
 l - a +2 pair of boots (worn)
 p - a +0 pair of gloves (worn)
 y - a +0 cloak (worn)
 C - a +1 buckler of fire resistance (worn)
 I - a +2 hat (worn)
Jewellery
 b - an amulet of guardian spirit
 c - a ring of protection from cold
 s - a +4 ring of slaying (right hand)
 J - a ring of protection from fire
 N - the ring "Fefykka" {Ice Str+4}
   (You found it in an ice cave)

   [ring of ice]

   It enhances your ice magic.
   Str:       It affects your strength (+4).
   rF:        It makes you vulnerable to fire.
   rC:        It protects you from cold.
 P - an amulet of reflection (around neck)
 Q - an amulet of faith
 W - a ring of flight (left hand)
 X - a ring of resist corrosion
Wands
 k - a wand of polymorph (9)
 t - a wand of quicksilver (10)
 K - a wand of flame (15)
 L - a wand of iceblast (7)
 O - a wand of charming (15)
Scrolls
 f - 3 scrolls of identify
 g - 8 scrolls of teleportation
 n - 2 scrolls of magic mapping
 A - a scroll of brand weapon
 D - 3 scrolls of fear
 F - a scroll of fog
 H - a scroll of poison
 S - 3 scrolls of butterflies
 U - 2 scrolls of amnesia
Potions
 d - 8 potions of might
 h - 5 potions of curing
 o - 6 potions of brilliance
 u - 3 potions of resistance
 v - 2 potions of cancellation
 w - a potion of mutation
 x - 5 potions of magic
 E - 2 potions of haste
 G - 3 potions of attraction
 T - 2 potions of flight
 V - a potion of ambrosia
Miscellaneous
 M - a phantom mirror


   Skills:
 - Level 15.0 Fighting
 - Level 13.8(14.0) Short Blades
 - Level 3.3(9.5) Long Blades
 - Level 0.4 Staves
 - Level 4.0 Armour
 - Level 12.0 Dodging
 - Level 5.0 Shields
 + Level 4.8 Spellcasting
 * Level 7.7 Summonings
 - Level 20.0 Invocations


You had 24 spell levels left.
You didn't know any spells.
Your spell library contained the following spells:

 Spells                   Type           Power      Damage    Failure   Level
 Summon Small Mammal      Summ           100%       N/A       1%          1
 Call Imp                 Summ           60%        N/A       1%          2
 Call Canine Familiar     Summ           30%        N/A       3%          3
 Summon Guardian Golem    Hex/Summ       17%        N/A       17%         3
 Kiss of Death            Conj/Necr      16%        2d6       28%         1
 Magic Dart               Conj           16%        1d3       28%         1
 Shock                    Conj/Air       16%        1d4       28%         1
 Ensorcelled Hibernation  Hex/Ice        8%         N/A       41%         2
 Scorch                   Fire           8%         2d5       41%         2
 Confusing Touch          Hex            4%         N/A       65%         3
 Dazzling Flash           Conj/Hex       8%         N/A       65%         3
 Mephitic Cloud           Conj/Pois/Air  4%         N/A       65%         3
 Portal Projectile        Hex/Tloc       8%         N/A       65%         3
 Spider Form              Tmut/Pois      4%         N/A       65%         3
 Swiftness                Air            4%         N/A       65%         3
 Summon Cactus Giant      Summ           15%        N/A       88%         6
 Airstrike                Air            2%         2d(1-17)  96%         4
 Anguish                  Hex/Necr       2%         N/A       96%         4
 Dispel Undead            Necr           4%         3d7       96%         4
 Flame Wave               Conj/Fire      4%         2d5       96%         4
 Leda's Liquefaction      Hex/Erth       2%         N/A       96%         4
 Agony                    Necr           4%         N/A       100%        5
 Lee's Rapid Deconstruct  Erth           2%         3d4*      100%        5
 Silence                  Hex/Air        2%         N/A       100%        5
 Statue Form              Tmut/Erth      2%         N/A       100%        6


Dungeon Overview and Level Annotations

Branches:
Dungeon (8/15)             Temple (1/1) D:6            Lair (5/5) D:8
  Swamp (4/4) Lair:2        Snake (0/4) Lair:3        Slime (0/5) Lair:5
  IceCv (visited)         Volcano (visited)

Altars:
Ashenzari
Cheibriados
Dithmenos
Fedhas
Gozag
Hepliaklqana
Kikubaaqudgha
Makhleb
Nemelex Xobeh
Okawaru
Qazlal
Ru
Sif Muna
Trog
Uskayaw
Vehumet
Wu Jian
Xom
Yredelemnul

Shops:
D:4 ?

Annotations:
Swamp:4 Louise


Innate Abilities, Weirdness & Mutations

You are mostly covered in large bone plates. (SH +6)
You regenerate health from kills.
You sometimes gain power by taking damage.
Your touch may inflict irresistible damage on your foes.
Your mind is acute. (Int +4, Str/Dex -1)
Your body sometimes deteriorates upon taking damage.
A frigid envelope surrounds you and freezes all who hurt you.
You are weak. (Str -2)


Message History

* * * LOW HITPOINT WARNING * * *
Unknown command.
You feel better.
The daeva calls down the wrath of the Shining One upon you.
The Shining One smites you!
* * * LOW HITPOINT WARNING * * *
You focus on the pain.
You feel mightier all of a sudden.
A hell hound comes into view. x2
Unknown command.
Hit: z) +5 rapier (speed)
Press: ? - help, Dir - move target, f - hell hound, p - daeva
Aim: a hell hound (haloed, about 17% to evade your +5 rapier of speed)
The hell hound barks! x2
You puncture the hell hound!
The hell hound is heavily wounded.
You hear a bark!
The hell hound barely misses you.
The daeva calls down the wrath of the Shining One upon you.
The Shining One smites you!
* * * LOW HITPOINT WARNING * * *
Your body deteriorates!
You feel clumsy.
You hear a bark!
Unknown command.
Hit: z) +5 rapier (speed)
Press: ? - help, Dir - move target, f/p - hell hound
Aim: a hell hound (heavily wounded, haloed, about 17% to evade your +5 rapier of speed)
You impale the hell hound!!
You kill the hell hound!
Makhleb accepts your kill.
You feel better.
A hell hound comes into view.
The daeva calls down the wrath of the Shining One upon you.
The Shining One smites you!
* * * LOW HITPOINT WARNING * * *
A hell hound comes into view.
The hell hound breathes flames at you.
The blast of flame hits the hell hound.
The hell hound completely resists.
The blast of flame hits you! You resist.
You die...

# . . . .
#... # .# .
#.##. .
...##...# ..
# .#.# .. #
..#
#.#.#.#### ##
#.##§..#...
##.##.#.A#.#
#......@#..#
#.#..#..##..
#.#†#.#.....#
##.h.#.#.....
#.## #...##.
h# # ..... h.
##...#. ##
.... ###


You could see a daeva and 3 hell hounds.

Vanquished Creatures
  An ancient lich (Abyss:2)
  Nikola (Swamp:1)
  A shard shrike zombie (Abyss:2)
  A tentacled monstrosity (Abyss:2)
  Jorgrun (Swamp:1)
  A lich (Abyss:2)
  6 tentacled starspawn (Abyss:2)
  An Executioner (Abyss:2)
  Gastronok (D:8)
  2 azure jellies (IceCv)
  Kirke (Swamp:1)
  2 ghouls (Swamp:3)
  3 very ugly things (Abyss:2)
  A quicksilver ooze (IceCv)
  A red draconian (Abyss:2)
  3 bunyips
  A lorocyproca (Abyss:2)
  A fire dragon (Lair:5)
  A shambling mangrove (Swamp:2)
  5 hydras
  A rakshasa (Abyss:2)
  A ghost crab (Swamp:1)
  2 ogre magi (Swamp:4)
  A death yak (Lair:1)
  A vampire mage (Abyss:2)
  A hell knight (Volcano)
  7 alligators
  8 thrashing horrors (Abyss:2)
  5 wretched stars (Abyss:2)
  3 spriggans (Swamp:3)
  A salamander mystic (Volcano)
  A spatial maelstrom (Abyss:2)
  A sixfirhy (Abyss:2)
  A bunyip zombie (Swamp:3)
  5 goliath frogs
  An orb spider (Abyss:2)
  A glowing orange brain (Abyss:2)
  2 flayed ghosts (Abyss:2)
  2 spriggan druids (Swamp:4)
  A swamp dragon (Swamp:2)
  4 bog bodies
  A bunyip skeleton (Abyss:2)
  A wizard (Swamp:4)
  Pikel (D:4)
  A necromancer (Swamp:3)
  5 lindwurms
  A wolf spider (Lair:5)
  4 salamanders (Volcano)
  4 elephants (Lair:5)
  7 torpor snails
  A worldbinder (Abyss:2)
  2 ice statues (IceCv)
  2 demonic crawlers (Abyss:2)
  A guardian serpent (Lair:5)
  An orange demon (Abyss:2)
  2 apocalypse crabs (Abyss:2)
  9 black mambas
  18 cane toads
  5 smoke demons (Abyss:2)
  A centaur skeleton (Abyss:2)
  2 molten gargoyles (Volcano)
  Psyche (D:8)
  4 rime drakes
  An unseen horror (Abyss:2)
  A hellion (Abyss:2)
  2 tormentors (Abyss:2)
  A dire elephant skeleton (Abyss:2)
  13 komodo dragons
  4 ancient zymes (Abyss:2)
  2 hellwings (Swamp:4)
  A hydra zombie (Swamp:3)
  14 hornets
  8 tyrant leeches
  11 starcursed masses (Abyss:2)
  Prince Ribbit (D:6)
  10 dream sheep
  12 raiju (Abyss:2)
  12 slime creatures
  A wraith (Abyss:2)
  6 ynoxinuls (Abyss:2)
  2 fire bats (Volcano)
  11 wyverns
  2 basilisks
  A fire elemental (Abyss:2)
  37 yaks
  3 redbacks (Lair:5)
  15 large abominations (Abyss:2)
  2 steam dragons
  2 chaos spawn (Abyss:2)
  4 neqoxecs (Abyss:2)
  Edmund (D:5)
  A spatial vortex (Abyss:2)
  3 swamp worms
  A hell hound (Abyss:2)
  22 water moccasins
  2 orc warriors (D:8)
  2 swamp drakes (Swamp:2)
  An ice beast (D:6)
  2 sky beasts
  An ettin simulacrum (Abyss:2)
  5 black bears
  3 ogres
  3 great orb of eyes simulacra (IceCv)
  7 small abominations (Abyss:2)
  2 centaurs
  11 wolves
  A phantom (D:7)
  2 lemures (D:4)
  3 slime creature simulacra (IceCv)
  A kobold brigand (Abyss:2)
  11 bullfrogs
  4 glowing shapeshifter simulacra (IceCv)
  A gnoll sergeant (D:8)
  A naga simulacrum (Abyss:2)
  A necrophage (Swamp:3)
  3 scorpions
  15 wights
  A swamp dragon simulacrum (Swamp:3)
  5 electric eels (Lair:2)
  7 lava snakes
  2 quasits (Abyss:2)
  3 iron imps (Abyss:2)
  3 hounds
  2 jellies (Lair:5)
  2 gnoll boudas
  5 iguanas
  A sleepcap (D:7)
  4 orc wizards
  2 shapeshifter simulacra (IceCv)
  13 gnolls
  4 adders
  A shadow imp (Abyss:2)
  A white imp (Abyss:2)
  2 worms
  3 dart slugs
  17 orcs
  7 endoplasms
  4 giant cockroaches
  6 goblins
  7 hobgoblins
  7 jackals
  2 quokkas
  15 ball pythons
  6 bats
  2 frilled lizards (D:1)
  14 kobolds
  3 rats
  A butterfly (Lair:1)
  5 starspawn tentacles (Abyss:2)
605 creatures vanquished.

Vanquished Creatures (collateral kills)
  A bone dragon (Abyss:2)
  A tentacled monstrosity (Swamp:3)
  A tentacled starspawn (Abyss:2)
  Donald (Swamp:3)
  A ghoul (Swamp:3)
  An ophan (Abyss:2)
  A bunyip (Swamp:1)
  A hydra (Swamp:1)
  2 alligators (Swamp:3)
  2 thrashing horrors (Abyss:2)
  A soul eater (Abyss:2)
  2 wretched stars (Abyss:2)
  A sixfirhy (Abyss:2)
  A necromancer (Abyss:2)
  A worldbinder (Abyss:2)
  A smoke demon (Abyss:2)
  A cane toad (Lair:5)
  An elephant (Lair:5)
  A kobold demonologist (Abyss:2)
  A freezing wraith (Abyss:2)
  An ancient zyme (Abyss:2)
  3 large abominations (Abyss:2)
  A tyrant leech (Swamp:2)
  A hornet (Swamp:2)
  A harpy skeleton (Abyss:2)
  5 raiju (Abyss:2)
  2 ynoxinuls (Abyss:2)
  2 wyverns (Lair:5)
  A fire elemental (Abyss:2)
  2 hogs (Swamp:1)
  A neqoxec (Abyss:2)
  5 swamp worms
  A hydra simulacrum (Abyss:2)
  2 small abominations (Abyss:2)
  A quasit (Abyss:2)
  4 starcursed masses (Abyss:2)
  A white imp (Abyss:2)
  A kobold (Abyss:2)
  5 starspawn tentacles (Abyss:2)
63 creatures vanquished.

Vanquished Creatures (others)
  5 bloated husks
  A golden eye (Abyss:2)
  2 lurking horrors (Abyss:2)
  11 starspawn tentacles (Abyss:2)
19 creatures vanquished.

Grand Total: 687 creatures vanquished

Notes
Turn   | Place    | Note
-------+----------+-------------------------------------------
     0 | D:1      | Graphine the Demonspawn Monk began the quest for the Orb.
     0 | D:1      | Reached XP level 1. HP: 18/18 MP: 1/1
   280 | D:1      | Gained mutation: Your touch may inflict minor irresistible
                  | damage on your foes. [demonic ancestry]
   280 | D:1      | Reached XP level 2. HP: 16/24 MP: 2/2
   815 | D:1      | Found a faded altar of an unknown god.
  1118 | D:2      | Gained mutation: You sometimes gain a little power by
                  | taking damage. [demonic ancestry]
  1118 | D:2      | Reached XP level 3. HP: 8/29 MP: 3/3
  1437 | D:2      | Gained mutation: You are partially covered in large bone
                  | plates. (SH +4) [demonic ancestry]
  1437 | D:2      | Reached XP level 4. HP: 37/37 MP: 4/4
  1565 | D:2      | Reached skill level 1 in Invocations
  2082 | D:3      | Identified the +2 leather armour of Gepot {rElec Will+
                  | Regen+ Int+2}
  2856 | D:4      | Noticed a scorpion
  2861 | D:4      | Killed a scorpion
  2862 | D:4      | Reached skill level 2 in Invocations
  2862 | D:4      | Reached XP level 5. HP: 42/42 MP: 6/6
  2866 | D:4      | Found a shimmering altar of Xom.
  2868 | D:4      | Found a blossoming altar of Fedhas.
  2869 | D:4      | Found a snail-covered altar of Cheibriados.
  2910 | D:4      | Reached skill level 1 in Armour
  2949 | D:4      | Found Ysyli's Magic Scroll Boutique.
  3340 | D:4      | Noticed a lemure
  3341 | D:4      | Noticed Pikel
  3342 | D:4      | Noticed a lemure
  3342 | D:4      | Noticed a lemure
  3343 | D:4      | Noticed a lemure
  3349 | D:4      | Killed a lemure
  3356 | D:4      | Killed a lemure
  3371 | D:4      | Killed Pikel
  3372 | D:4      | Reached skill level 5 in Fighting
  3372 | D:4      | Reached skill level 1 in Short Blades
  3372 | D:4      | Reached skill level 4 in Invocations
  3372 | D:4      | Reached XP level 6. HP: 37/51 MP: 7/9
  3372 | D:4      | Reached XP level 7. HP: 40/56 MP: 7/10
  3770 | D:5      | Entered Level 5 of the Dungeon
  3894 | D:5      | Reached skill level 5 in Invocations
  3908 | D:5      | Found a basalt altar of Yredelemnul.
  4118 | D:5      | Gained mutation: You are mostly covered in large bone
                  | plates. (SH +6) [demonic ancestry]
  4118 | D:5      | Reached XP level 8. HP: 49/63 MP: 12/12
  4131 | D:5      | Reached skill level 6 in Invocations
  4337 | D:5      | Found an opulent altar of Gozag.
  4338 | D:5      | Noticed Edmund
  4354 | D:5      | Killed Edmund
  4654 | D:6      | Gained mutation: A frigid envelope surrounds you and
                  | freezes all who hurt you. [potion of mutation]
  4654 | D:6      | Gained mutation: Your mind is acute. (Int +4, Str/Dex -1)
                  | [potion of mutation]
  4777 | D:6      | Found a staircase to the Ecumenical Temple.
  4786 | D:6      | Reached skill level 7 in Invocations
  4792 | Temple   | Entered the Ecumenical Temple
  4885 | Temple   | Became a worshipper of Makhleb the Destroyer
  4885 | Temple   | Reached * piety under Makhleb
  4885 | Temple   | Reached ** piety under Makhleb
  4923 | D:6      | Found a stormy altar of Qazlal.
  4924 | D:6      | Noticed Prince Ribbit
  4930 | D:6      | Killed Prince Ribbit
  4981 | D:6      | Reached skill level 5 in Dodging
  4981 | D:6      | Gained mutation: You regenerate a little health from kills.
                  | [demonic ancestry]
  4981 | D:6      | Reached XP level 9. HP: 41/72 MP: 14/14
  5259 | D:7      | Reached skill level 8 in Invocations
  5581 | D:7      | Found a sparkling altar of Nemelex Xobeh.
  5588 | D:7      | Found an iron altar of Okawaru.
  6151 | D:8      | Reached skill level 9 in Invocations
  6155 | D:8      | Noticed Psyche
  6169 | D:8      | Killed Psyche
  6182 | D:8      | Found a broken altar of Ashenzari.
  6211 | D:8      | Noticed a komodo dragon
  6227 | D:8      | Reached skill level 5 in Short Blades
  6231 | D:8      | Killed a komodo dragon
  6239 | D:8      | Gained mutation: You sometimes gain power by taking damage.
                  | [demonic ancestry]
  6239 | D:8      | Reached XP level 10. HP: 78/82 MP: 17/17
  6279 | D:8      | Reached skill level 10 in Invocations
  6281 | D:8      | Noticed Gastronok
  6289 | D:8      | Reached *** piety under Makhleb
  6329 | D:8      | Killed Gastronok
  6330 | D:8      | Reached skill level 11 in Invocations
  6465 | D:8      | Found a staircase to the Lair.
  6706 | Lair:1   | Entered Level 1 of the Lair of Beasts
  6720 | Lair:1   | Noticed a black mamba
  6731 | Lair:1   | Killed a black mamba
  6782 | Lair:1   | Noticed a six-headed hydra
  6809 | Lair:1   | Killed a six-headed hydra
  6816 | Lair:1   | Reached XP level 11. HP: 63/90 MP: 19/19
  7036 | Lair:1   | Reached skill level 10 in Fighting
  7052 | Lair:1   | Found a dark tunnel.
  7062 | Volcano  | Entered a volcano
  7296 | Volcano  | Found a burning altar of Makhleb.
  7296 | Volcano  | Noticed a salamander mystic
  7309 | Volcano  | Reached skill level 12 in Invocations
  7322 | Volcano  | Killed a salamander mystic
  7365 | Volcano  | Noticed a hell knight
  7377 | Volcano  | Killed a hell knight
  7502 | Volcano  | Identified the +1 chain mail of the Mantidfly {rC++ Dex+3}
  7784 | Lair:1   | Noticed a death yak
  7807 | Lair:1   | Killed a death yak
  7815 | Lair:1   | Reached skill level 1 in Shields
  8025 | Lair:1   | Reached skill level 13 in Invocations
  8029 | Lair:1   | Reached **** piety under Makhleb
  8500 | Lair:2   | Found a frozen archway.
  8506 | Lair:2   | Found a staircase to the Swamp.
  8506 | Lair:2   | Noticed a four-headed hydra
  8509 | IceCv    | Entered an ice cave
  8556 | IceCv    | Noticed a quicksilver ooze
  8568 | IceCv    | Killed a quicksilver ooze
  8569 | IceCv    | Reached XP level 12. HP: 69/100 MP: 9/21
  8939 | IceCv    | Found a viscous altar of Jiyva.
  8939 | IceCv    | Noticed an azure jelly
  8954 | IceCv    | Killed an azure jelly
  8983 | IceCv    | Noticed an azure jelly
  8995 | IceCv    | Killed an azure jelly
  9015 | IceCv    | Identified the +0 ice dragon scales "Dic Imu" {Harm rF-
                  | rC++ rN+ Int+3 Slay+3}
  9021 | IceCv    | Got the ring "Fefykka" {Ice Str+4}
  9146 | Lair:2   | Killed a four-headed hydra
  9173 | Lair:2   | Reached skill level 14 in Invocations
  9227 | Lair:2   | Reached ***** piety under Makhleb
  9479 | Lair:2   | Noticed a five-headed hydra
  9489 | Lair:2   | Killed a five-headed hydra
  9722 | Lair:2   | Identified the staff of death "Guogg" {rN+ Dex+6}
  9764 | Lair:2   | Reached skill level 5 in Shields
  9947 | Lair:3   | Reached XP level 13. HP: 89/108 MP: 23/23
 10632 | Lair:3   | Found a staircase to the Snake Pit.
 10931 | Lair:4   | Reached skill level 15 in Invocations
 11093 | Lair:4   | Reached skill level 10 in Short Blades
 11730 | Lair:5   | Entered Level 5 of the Lair of Beasts
 12171 | Lair:5   | Reached skill level 16 in Invocations
 12277 | Lair:5   | Reached ****** piety under Makhleb
 12282 | Lair:5   | Found a staircase to the Slime Pits.
 12410 | Lair:5   | Gained mutation: You regenerate health from kills. [demonic
                  | ancestry]
 12410 | Lair:5   | Reached XP level 14. HP: 69/118 MP: 26/26
 12657 | Lair:5   | Found a runed translucent door.
 12895 | Lair:5   | Paralysed by a hornet for 1 turns
 13583 | Swamp:1  | Entered Level 1 of the Swamp
 13809 | Swamp:1  | Noticed Nikola
 13848 | Swamp:1  | Killed Nikola
 13849 | Swamp:1  | Reached skill level 17 in Invocations
 13949 | Swamp:1  | Noticed Jorgrun
 13963 | Swamp:1  | Killed Jorgrun
 14198 | Swamp:1  | Noticed Kirke
 14201 | Swamp:1  | Noticed a sphinx
 14205 | Swamp:1  | Noticed a sphinx
 14239 | Swamp:1  | Killed Kirke
 14555 | Swamp:2  | Identified the +0 scale mail "Poifyerr" {rPois Str+2}
 15337 | Swamp:3  | Noticed a tentacled monstrosity
 15354 | Swamp:3  | Killed a tentacled monstrosity
 15355 | Swamp:3  | Reached XP level 15. HP: 72/127 MP: 27/27
 15389 | Swamp:3  | Reached skill level 10 in Dodging
 15409 | Swamp:3  | Reached skill level 18 in Invocations
 15873 | Swamp:3  | Noticed Donald
 15895 | Swamp:3  | Killed Donald
 16063 | Swamp:4  | Entered Level 4 of the Swamp
 16111 | Swamp:4  | Reached skill level 15 in Fighting
 16236 | Swamp:4  | Noticed Louise
 16249 | Abyss:2  | Cast into level 2 of the Abyss (Louise)
 16262 | Abyss:2  | Found a corrupted altar of Lugonu.
 16467 | Abyss:2  | Found a shimmering altar of Xom.
 16518 | Abyss:2  | Found a shimmering blue altar of Sif Muna.
 16525 | Abyss:2  | Found a corrupted altar of Lugonu.
 16529 | Abyss:2  | Noticed a tentacled starspawn
 16543 | Abyss:2  | Reached skill level 19 in Invocations
 16551 | Abyss:2  | Killed a tentacled starspawn
 16568 | Abyss:2  | Found a corrupted altar of Lugonu.
 16573 | Abyss:2  | Noticed a tentacled starspawn
 16641 | Abyss:2  | Killed a tentacled starspawn
 16857 | Abyss:2  | Noticed a tentacled starspawn
 16868 | Abyss:2  | Killed a tentacled starspawn
 16925 | Abyss:2  | Gained mutation: You are weak. (Str -2) [a neqoxec]
 16931 | Abyss:2  | Gained mutation: Your body sometimes deteriorates upon
                  | taking damage. [a neqoxec]
 16985 | Abyss:2  | Gained mutation: Your touch may inflict irresistible damage
                  | on your foes. [demonic ancestry]
 16985 | Abyss:2  | Reached XP level 16. HP: 136/136 MP: 23/26
 17077 | Abyss:2  | Noticed a lich
 17094 | Abyss:2  | Killed a lich
 17095 | Abyss:2  | Reached skill level 20 in Invocations
 17198 | Abyss:2  | Reached skill level 1 in Summonings
 17223 | Abyss:2  | Noticed a profane servitor
 17229 | Abyss:2  | Noticed a tentacled starspawn
 17240 | Abyss:2  | Killed a tentacled starspawn
 17299 | Abyss:2  | Reached skill level 1 in Spellcasting
 17419 | Abyss:2  | Found a corrupted altar of Lugonu.
 17419 | Abyss:2  | Noticed a bone dragon
 17435 | Abyss:2  | Killed a bone dragon
 17436 | Abyss:2  | Paralysed by accursed screaming for 1 turns
 17546 | Abyss:2  | Noticed a tentacled monstrosity
 17559 | Abyss:2  | Killed a tentacled monstrosity
 17677 | Abyss:2  | Noticed an ancient lich
 17708 | Abyss:2  | Killed an ancient lich
 17709 | Abyss:2  | Reached skill level 5 in Summonings
 17725 | Abyss:2  | Noticed a tentacled starspawn
 17740 | Abyss:2  | Killed a tentacled starspawn
 17803 | Abyss:2  | Noticed a tentacled starspawn
 17822 | Abyss:2  | Killed a tentacled starspawn
 18099 | Abyss:2  | Noticed an Executioner
 18100 | Abyss:2  | Noticed a tentacled starspawn
 18117 | Abyss:2  | Killed an Executioner
 18148 | Abyss:2  | Killed a tentacled starspawn
 18192 | Abyss:2  | Paralysed by accursed screaming for 1 turns
 18312 | Abyss:2  | HP: 5/136 [daeva/divine providence (12)]
 18312 | Abyss:2  | Killed from afar by a hell hound

Illustrated notes

Levels and vault maps discovered:
D:1:      nzn_arrival_crosshair, layout_basic,
          shapermc_ecumenical_altar_mp_urbaneastern
D:2:      minmay_diamond_boxcup, layout_loops_ring
D:3:      layout_basic, minmay_gold_behind_fungi
D:4:      wad_river_or_something, layout_gridville,
          chequers_temple_overflow_statue_of_worship, serial_shops,
          nicolae_shop_hallway_stairs, uniq_pikel
D:5:      layout_basic, mainiacjoe_overflow_surrounded_room,
          amcnicky_altar_gilded, uniq_edmund
D:6:      layout_rooms, kennysheep_little_box, minmay_temple_entry_arrows,
          uniq_prince_ribbit1
D:7:      layout_loops_ring, amethyst_overflow_temple_binary, tso_oasis_becter
D:8:      layout_rooms, overflow_temple_1_default, due_lair_maze_entry_diamond,
          uniq_psyche, uniq_gastronok
Temple:   jpeg_temple_clearing
Lair:1:   layout_cave_pods, nicolae_volcano_entry_two_sided,
          nicolae_lair_lil_pond, serial_bayou_pond_d, lemuel_fruit_fields,
          lemuel_fruit_tree
Lair:2:   layout_regular_city, minmay_swamp_entry_reptiles,
          portal_ice_cave_entry_pillars_2, nicolae_lair_liquid_snakes
Lair:3:   layout_regular_city, dummy_snake_entry
Lair:4:   layout_long_grid, serial_bayou_pond_d, st_stairs_10,
          nicolae_lair_lindhole
Lair:5:   hangedman_lair_tendril_chambers, layout_cave_shapes, wormcave,
          minmay_slime_entry_pillars
Swamp:1:  layout_basic_swamp, evilmike_swamp_ruin_house_2, swamp_pool1,
          uniq_nikola, uniq_jorgrun, uniq_kirke
Swamp:2:  layout_falls_marsh, hangedman_swamp_pad, infiniplex_staircase_pool_2
Swamp:3:  layout_falls_marsh, nicolae_swamp_feature_on_the_river_bank,
          swamp_pool4, nicolae_swamp_necromancer_hut, uniq_donald
Swamp:4:  nzn_swamp_witches_coven, layout_basic_swamp, uniq_louise
Abyss:2:  base: Snake:3, minivault_1, hangedman_abyss_feature_spike,
          hangedman_abyss_feature_spike, evilmike_abyss_exit_glass,
          evilmike_abyss_exit_17, evilmike_abyss_exit_chaos

Skill      XL: |  1  2  3  4  5  6  7  8  9 10 11 12 13 14 15 16 |
---------------+-------------------------------------------------+-----
Long Blades    | 3 |  3.3
Dodging        | 3 4 5 6 7 8 9 10 12 | 12.0
Invocations    | 2 4 5 7 9 11 13 14 16 17 19 20 | 20.0
Fighting       | 4 5 7 8 9 11 12 13 14 15 | 15.0
Armour         | 2 3 4 |  4.0
Short Blades   | 1 2 3 5 6 8 9 11 12 13 | 13.8
Shields        | 2 5 |  5.0
Summonings     | 7 |  7.7
Spellcasting   | 4 |  4.8
Staves         | |  0.4

Action                     |  1- 3 |  4- 6 |  7- 9 | 10-12 | 13-15 | 16-18 || total
---------------------------+-------+-------+-------+-------+-------+-------++-------
  Melee: Short sword       |    95 |    26 |       |       |       |       ||   121
         Falchion          |     6 |       |       |       |       |       ||     6
         Touch             |     6 |    20 |    53 |    42 |       |       ||   121
         Dagger            |       |    79 |    89 |       |       |       ||   168
         Punch             |       |     1 |     2 |     2 |       |       ||     5
         Rapier            |       |       |   117 |   635 |  1487 |   592 ||  2831
  Throw: Throwing net      |       |       |       |       |     2 |       ||     2
 Invoke: Minor Destruction |       |       |    10 |   102 |    41 |     4 ||   157
         Lesser Servant of |       |       |       |     1 |    10 |     5 ||    16
         Greater Servant o |       |       |       |       |     7 |     6 ||    13
  Evoke: Wand              |       |       |       |     6 |     2 |       ||     8
         Phantom mirror    |       |       |       |       |     1 |       ||     1
    Use: Scroll            |     3 |    10 |     9 |     2 |    11 |     2 ||    37
         Potion            |     1 |       |     1 |     4 |     5 |     5 ||    16
   Stab: Sleeping          |     1 |     1 |     1 |     1 |       |       ||     4
         Distracted        |       |       |       |       |     6 |    11 ||    17
         Invisible         |       |       |       |       |       |     5 ||     5
 Armour: Robe              |     6 |       |       |       |       |       ||     6
         Leather armour    |     9 |    17 |    44 |   102 |   147 |    49 ||   368
  Dodge: Dodged            |    66 |    40 |    60 |   232 |   396 |   147 ||   941
  Block: Other             |       |    14 |    33 |    32 |       |       ||    79
         Buckler           |       |       |       |   177 |   775 |   237 ||  1189
         Reflection        |       |       |       |       |    12 |     3 ||    15
